 Dungeon Crawl Stone Soup version 0.22-a0-422-g9628fc8 (webtiles) character file.

939 Mgcat the Archer (level 8, -9/60 HPs)
             Began as a Gnoll Wanderer on May 20, 2018.
             Was a Believer of Okawaru.
             Mangled by an orc warrior
             ... wielding a +0 flail
              (18 damage)
             ... on level 5 of the Dungeon.
             The game lasted 00:10:28 (4960 turns).

Mgcat the Archer (Gnoll Wanderer)                   Turns: 4960, Time: 00:10:28

Health: -9/60      AC: 15    Str: 25    XL:     8   Next: 12%
Magic:  10/12      EV: 14    Int: 15    God:    Okawaru [**....]
Gold:   263        SH:  0    Dex: 11    Spells: 12/12 levels left

rFire    . . .     SeeInvis .   b - +3 mace (protect)
rCold    . . .     Gourm    .   (no shield)
rNeg     . . .     Faith    .   d - +0 scale mail (curse)
rPois    .         Spirit   .   (no helmet)
rElec    .         Reflect  .   (no cloak)
rCorr    .         Harm     .   (no gloves)
MR       .....                  (no boots)
Stlth    ++........             (no amulet)
HPRegen  0.20/turn              (no ring)
MPRegen  0.13/turn              (no ring)

@: mighty, heroism, protection aura
A: distributed training, fangs 1, strong nose
a: Heroism, Renounce Religion


You were on level 5 of the Dungeon.
You worshipped Okawaru.
Okawaru was pleased with you.
You were hungry.

You visited 1 branch of the dungeon, and saw 6 of its levels.

You collected 263 gold pieces.

Inventory:

Hand Weapons
 a - a +3 shortbow
 b - a +3 mace of protection (weapon)
   (You found it on level 1 of the Dungeon)
 e - the +5 dagger of True Grit {holy, +Inv}
   (You found it on level 4 of the Dungeon)

   It has been blessed by the Shining One to cause great damage to the undead
   and demons.
   It lets you turn invisible.
Missiles
 h - 91 arrows
Armour
 d - a cursed +0 scale mail (worn)
   (You found it on level 4 of the Dungeon)
Wands
 q - a wand of clouds (11)
   (You found it on level 5 of the Dungeon)
 v - a wand of acid (8)
   (You found it on level 5 of the Dungeon)
Scrolls
 f - 2 scrolls of remove curse
 j - 5 scrolls of teleportation
 o - 2 scrolls of blinking {!r}
 p - 3 scrolls of amnesia
 s - a scroll of magic mapping {unknown}
 u - 7 scrolls of identify
Potions
 c - a potion of lignification {!q}
 i - a potion of resistance {unknown}
 k - 2 potions of might
 l - a potion of agility {unknown}
 r - 2 potions of brilliance {unknown}
 t - a potion of flight {unknown}
 w - 3 potions of heal wounds {unknown}
Comestibles
 g - 8 rations


   Skills:
 + Level 3.9(8.9) Fighting
 + Level 2.9(7.9) Short Blades
 + Level 2.9(7.9) Long Blades
 + Level 2.9(7.9) Axes
 + Level 2.9(7.9) Maces & Flails
 + Level 2.9(7.9) Polearms
 + Level 2.9(7.9) Staves
 + Level 2.9(7.9) Slings
 + Level 13.8(18.8) Bows
 + Level 2.9(7.9) Crossbows
 + Level 3.9(8.9) Throwing
 + Level 2.9(7.9) Armour
 + Level 2.9(7.9) Dodging
 + Level 2.9(7.9) Stealth
 + Level 2.9(7.9) Shields
 + Level 2.9(7.9) Unarmed Combat
 + Level 2.9 Spellcasting
 + Level 2.3 Conjurations
 + Level 2.3 Hexes
 + Level 2.3 Charms
 + Level 2.3 Summonings
 + Level 2.3 Necromancy
 + Level 2.3 Translocations
 + Level 2.3 Transmutations
 + Level 2.3 Fire Magic
 + Level 2.3 Ice Magic
 + Level 2.3 Air Magic
 + Level 2.3 Earth Magic
 + Level 2.3 Poison Magic
 + Level 3.2 Invocations
 + Level 3.9 Evocations


You had 12 spell levels left.
You didn't know any spells.
Your spell library contained the following spells:

 Spells                   Type           Power        Failure   Level  Hunger
 Summon Small Mammal      Summ           #...         16%         1    #......
 Summon Ice Beast         Ice/Summ       #.......     85%         4    #####..
 Call Imp                 Summ           #.......     24%         2    ##.....
 Call Canine Familiar     Summ           #.......     43%         3    ###....
 Summon Lightning Spire   Summ/Air       #.......     85%         4    #####..
 Summon Guardian Golem    Hex/Summ       #.......     43%         3    ###....


Dungeon Overview and Level Annotations

Branches:
Dungeon (6/15)             Temple (0/1) D:4

Altars:
Ashenzari
Cheibriados
Elyvilon
Hepliaklqana
Nemelex Xobeh
Okawaru
Trog
Xom

Shops:
D:5 (


Innate Abilities, Weirdness & Mutations

Your experience applies equally to all skills.
You have very sharp teeth.
Your uncanny sense of smell can sniff out nearby items.


Message History

You hit the orc.
You kill the orc!
Okawaru accepts your kill. The bullfrog misses you.
The bullfrog hits you but does no damage.
You hit the bullfrog.
The bullfrog is moderately wounded.
The bullfrog hits you but does no damage.
You closely miss the bullfrog.
The bullfrog is moderately wounded.
The bullfrog hits you but does no damage. x2
You barely miss the bullfrog.
The bullfrog is lightly wounded.
The bullfrog hits you.
* * * LOW HITPOINT WARNING * * *
The bullfrog misses you.
You hit the bullfrog.
The bullfrog is heavily wounded.
The bullfrog hits you.
* * * LOW HITPOINT WARNING * * *
The bullfrog hits you but does no damage.
You closely miss the bullfrog.
The bullfrog is heavily wounded.
The bullfrog hits you but does no damage. x2
You hit the bullfrog.
You bite the bullfrog, but do no damage.
The bullfrog is heavily wounded.
The bullfrog barely misses you. The bullfrog hits you.
* * * LOW HITPOINT WARNING * * *
You hit the bullfrog.
The bullfrog is severely wounded.
The bullfrog hits you but does no damage. x2
You sock the bullfrog!
You kill the bullfrog!
Okawaru accepts your kill.
You have reached level 8!
You feel stronger.
You see here a bullfrog corpse.
You butcher the bullfrog corpse.
m - a chunk of flesh {@w0} HP restored.
Things that are here:
a club; an orc corpse You start resting.
All of the chunks of flesh in your inventory have rotted away.
You are feeling hungry.
You start resting.
HP restored.
There is a stone staircase leading down here.
You climb downwards.
The centaur unwields an uncursed shortbow.
The centaur hits you.
The orc warrior hits you but does no damage.
The ball python skeleton closely misses you. x2
The howler monkey misses you.
The centaur hits you but does no damage.
The howler monkey hoots and howls with incredible vigour!
The ball python skeleton bites you but does no damage.
The ball python skeleton grabs you.
The ball python skeleton constricts you.
The orc warrior hits you with a flail! The wyvern skeleton closely misses you.
You hear a shout! x2; You hear an angry hiss.
You hear a bark!
You hear a shout! x2
You hear a bark! x2; You hear a shout! x3; You hear a howl!
You hear a shout!
You hear an angry hiss.
You hear a bark!
Something shouts, "Turn tail, thou pottle-deep fob-snatching wormtrail!"
There is a stone staircase leading up, spattered with blood here.
You escape the ball python skeleton's grasp.
The centaur barely misses you. The howler monkey hits you.
The wyvern skeleton bites you but does no damage.
You climb upwards.
There is a stone staircase leading down here.
Okay, then.
You gain the combat prowess of a mighty hero.
The centaur hits you. The orc warrior hits you with a flail!
The howler monkey misses you. The centaur hits you!
* * * LOW HITPOINT WARNING * * *
You feel very mighty all of a sudden. The howler monkey closely misses you.
The centaur hits you but does no damage.
The orc warrior completely misses you.
You barely miss the centaur. The centaur misses you.
The howler monkey hits you but does no damage.
The orc warrior hits you with a flail!
* * * LOW HITPOINT WARNING * * *
The centaur hits you.
* * * LOW HITPOINT WARNING * * *
The howler monkey closely misses you.
You bludgeon the centaur!!
Your weapon exudes an aura of protection.
You kill the centaur!
Okawaru accepts your kill. The howler monkey closely misses you.
The orc warrior hits you but does no damage.
You barely miss the orc warrior.
You punch the orc warrior, but do no damage.
The howler monkey hits you but does no damage.
The orc warrior closely misses you.
You feel better. The howler monkey barely misses you.
The orc warrior hits you with a flail!!
You die...

#####.....#...#..#
♣♣..≈≈≈≈≈..♣♣ #
#.....#.#.#..# ♣...≈≈≈...♣
# ###'###.#....#
♣♣.......♣♣ # #.# #.#....#
♣♣.....♣♣ # #.###.#....#
♣♣...♣♣ # #..........#
♣♣.....♣♣ ####
#..........## ♣♣.......♣♣ #
...#
#.........o.##♣...≈≈≈...♣##
...#
#........h@......≈≈≈≈≈.....
...#
#.........)(.....≈≈♣≈≈.....
...#
#................≈≈≈≈≈.....
...#
#.................≈≈≈......
...#
#..........................
...#
#..........................
...#
#...................#......
####
#...................#......
#............)...##.#.###+#


You could see an orc warrior and a howler monkey.

Vanquished Creatures
  Sigmund (D:2)
  A centaur (D:5)
  A bullfrog (D:5)
  2 howler monkeys (D:4)
  A crimson imp (D:2)
  An orc wizard (D:5)
  2 hounds
  2 bullfrog skeletons (D:4)
  An iguana (D:5)
  Natasha (thrice) (D:4)
  3 worker ants
  A hound skeleton (D:4)
  9 adders
  An ooze (D:3)
  An adder zombie (D:5)
  3 dart slugs
  A leopard gecko (D:1)
  10 orcs
  4 giant cockroaches
  8 hobgoblins
  14 jackals
  4 quokkas
  A ball python (D:3)
  6 bats
  3 frilled lizards
  8 goblins
  6 kobolds
  7 rats
105 creatures vanquished.

Notes
Turn   | Place    | Note
-------+----------+-------------------------------------------
     0 | D:1      | Reached skill level 13 in Bows
     0 | D:1      | Mgcat the Gnoll Wanderer began the quest for the Orb.
     0 | D:1      | Mgcat set off with: a +2 shortbow, 25 arrows, a potion of lignification {!q}, 8 poisoned needles, a +0 blowgun, a +0 robe, a ration
     0 | D:1      | Reached XP level 1. HP: 17/17 MP: 2/2
   108 | D:1      | HP: 4/17 [leopard gecko (3)]
   111 | D:1      | Reached XP level 2. HP: 3/23 MP: 3/3
  1128 | D:2      | Noticed Sigmund
  1143 | D:2      | Killed Sigmund
  1143 | D:2      | Reached skill level 3 in Fighting
  1143 | D:2      | Reached skill level 1 in Short Blades
  1143 | D:2      | Reached skill level 1 in Long Blades
  1143 | D:2      | Reached skill level 1 in Axes
  1143 | D:2      | Reached skill level 1 in Maces & Flails
  1143 | D:2      | Reached skill level 1 in Polearms
  1143 | D:2      | Reached skill level 1 in Staves
  1143 | D:2      | Reached skill level 1 in Slings
  1143 | D:2      | Reached skill level 1 in Crossbows
  1143 | D:2      | Reached skill level 3 in Throwing
  1143 | D:2      | Reached skill level 1 in Armour
  1143 | D:2      | Reached skill level 1 in Dodging
  1143 | D:2      | Reached skill level 1 in Stealth
  1143 | D:2      | Reached skill level 1 in Shields
  1143 | D:2      | Reached skill level 1 in Unarmed Combat
  1143 | D:2      | Reached skill level 1 in Spellcasting
  1143 | D:2      | Reached skill level 1 in Conjurations
  1143 | D:2      | Reached skill level 1 in Hexes
  1143 | D:2      | Reached skill level 1 in Charms
  1143 | D:2      | Reached skill level 1 in Summonings
  1143 | D:2      | Reached skill level 1 in Necromancy
  1143 | D:2      | Reached skill level 1 in Translocations
  1143 | D:2      | Reached skill level 1 in Transmutations
  1143 | D:2      | Reached skill level 1 in Fire Magic
  1143 | D:2      | Reached skill level 1 in Ice Magic
  1143 | D:2      | Reached skill level 1 in Air Magic
  1143 | D:2      | Reached skill level 1 in Earth Magic
  1143 | D:2      | Reached skill level 1 in Poison Magic
  1143 | D:2      | Reached skill level 1 in Invocations
  1143 | D:2      | Reached skill level 3 in Evocations
  1143 | D:2      | Reached XP level 3. HP: 29/29 MP: 3/5
  1143 | D:2      | Reached XP level 4. HP: 35/35 MP: 3/6
  1143 | D:2      | Reached XP level 5. HP: 41/41 MP: 3/7
  1426 | D:2      | Reached skill level 2 in Invocations
  1426 | D:2      | Reached XP level 6. HP: 46/47 MP: 8/8
  2219 | D:3      | Found a faded altar of an unknown god.
  2250 | D:3      | Became a worshipper of Warmaster Okawaru
  2250 | D:3      | Reached * piety under Okawaru
  2453 | D:4      | Reached skill level 2 in Short Blades
  2453 | D:4      | Reached skill level 2 in Long Blades
  2453 | D:4      | Reached skill level 2 in Axes
  2453 | D:4      | Reached skill level 2 in Maces & Flails
  2453 | D:4      | Reached skill level 2 in Polearms
  2453 | D:4      | Reached skill level 2 in Staves
  2453 | D:4      | Reached skill level 2 in Slings
  2453 | D:4      | Reached skill level 2 in Crossbows
  2453 | D:4      | Reached skill level 2 in Armour
  2453 | D:4      | Reached skill level 2 in Dodging
  2453 | D:4      | Reached skill level 2 in Stealth
  2453 | D:4      | Reached skill level 2 in Shields
  2453 | D:4      | Reached skill level 2 in Unarmed Combat
  2453 | D:4      | Reached skill level 2 in Spellcasting
  2616 | D:4      | Noticed Natasha
  2630 | D:4      | Killed Natasha
  2766 | D:4      | Found a staircase to the Ecumenical Temple.
  2793 | D:4      | Reached XP level 7. HP: 44/52 MP: 10/10
  2803 | D:4      | Found a sparkling altar of Nemelex Xobeh.
  2924 | D:4      | Found a hazy altar of Hepliaklqana.
  2939 | D:4      | Found a shattered altar of Ashenzari.
  3241 | D:4      | Reached skill level 2 in Conjurations
  3241 | D:4      | Reached skill level 2 in Hexes
  3241 | D:4      | Reached skill level 2 in Charms
  3241 | D:4      | Reached skill level 2 in Summonings
  3241 | D:4      | Reached skill level 2 in Necromancy
  3241 | D:4      | Reached skill level 2 in Translocations
  3241 | D:4      | Reached skill level 2 in Transmutations
  3241 | D:4      | Reached skill level 2 in Fire Magic
  3241 | D:4      | Reached skill level 2 in Ice Magic
  3241 | D:4      | Reached skill level 2 in Air Magic
  3241 | D:4      | Reached skill level 2 in Earth Magic
  3241 | D:4      | Reached skill level 2 in Poison Magic
  3298 | D:4      | Got a shimmering dagger
  3300 | D:4      | Identified the +5 dagger of True Grit {holy, +Inv} (You found it on level 4 of the Dungeon)
  3413 | D:4      | Noticed Natasha
  3420 | D:4      | Killed Natasha
  3477 | D:4      | Found a snail-covered altar of Cheibriados.
  3547 | D:4      | Noticed Natasha
  3557 | D:4      | Killed Natasha
  3669 | D:5      | Entered Level 5 of the Dungeon
  3678 | D:5      | Reached ** piety under Okawaru
  3749 | D:5      | HP: 13/52 [iguana (10)]
  3933 | D:5      | Found Kir Ymm's Antique Weapon Emporium.
  4012 | D:5      | Found a white marble altar of Elyvilon.
  4083 | D:5      | Reached skill level 3 in Invocations
  4472 | D:5      | Found a shimmering altar of Xom.
  4475 | D:5      | Found a bloodstained altar of Trog.
  4477 | D:5      | Found an iron altar of Okawaru.
  4585 | D:5      | Found a snail-covered altar of Cheibriados.
  4703 | D:5      | HP: 9/53 [bullfrog (6)]
  4705 | D:5      | Reached XP level 8. HP: 11/60 MP: 12/12
  4955 | D:5      | HP: 12/60 [centaur (7)]
  4957 | D:5      | HP: 3/60 [orc warrior/flail (9)]
  4960 | D:5      | Mangled by an orc warrior

Vault maps used:
D:1:      dpeg_arrival_short_road, serial_forest, infiniplex_forest_corner_1,
          infiniplex_forest_clump_long, infiniplex_forest_clump_small,
          infiniplex_forest_straight_5, infiniplex_forest_lined_room_3,
          infiniplex_forest_end_3, infiniplex_forest_lined_4_way,
          infiniplex_forest_diagonal
D:2:      serial_park_tiny_2, minmay_tromino_v2, uniq_sigmund
D:3:      chequers_ecumenical_altar_simple, kennysheep_generic_room_7
D:4:      nicolae_overflow_quartered_altars, minmay_temple_entry_junction_2,
          uniq_natasha
D:5:      elyvilon_altar_3, grunt_temple_overflow_open, serial_shops, shop,
          first_ration, serial_bayou_lagoon_a, kennysheep_slug_shrine
D:6:      nicolae_ru_awakened_eye

Skill      XL: |  1  2  3  4  5  6  7 |
---------------+----------------------+-----
Bows           | | 13.8
Fighting       | 3 |  3.9
Short Blades   | 1 2 |  2.9
Long Blades    | 1 2 |  2.9
Axes           | 1 2 |  2.9
Maces & Flails | 1 2 |  2.9
Polearms       | 1 2 |  2.9
Staves         | 1 2 |  2.9
Slings         | 1 2 |  2.9
Crossbows      | 1 2 |  2.9
Throwing       | 3 |  3.9
Armour         | 1 2 |  2.9
Dodging        | 1 2 |  2.9
Stealth        | 1 2 |  2.9
Shields        | 1 2 |  2.9
Unarmed Combat | 1 2 |  2.9
Spellcasting   | 1 2 |  2.9
Conjurations   | 1 2 |  2.3
Hexes          | 1 2 |  2.3
Charms         | 1 2 |  2.3
Summonings     | 1 2 |  2.3
Necromancy     | 1 2 |  2.3
Translocations | 1 2 |  2.3
Transmutations | 1 2 |  2.3
Fire Magic     | 1 2 |  2.3
Ice Magic      | 1 2 |  2.3
Air Magic      | 1 2 |  2.3
Earth Magic    | 1 2 |  2.3
Poison Magic   | 1 2 |  2.3
Invocations    | 1 2 3 |  3.2
Evocations     | 3 |  3.9

Action                   |  1- 3 |  4- 6 |  7- 9 || total
-------------------------+-------+-------+-------++-------
Melee: Mace              |    67 |   220 |   100 ||   387
       Unarmed           |     3 |     1 |       ||     4
       Bite              |     7 |    17 |    16 ||    40
       Dagger            |       |       |    38 ||    38
       Punch             |       |       |     2 ||     2
 Fire: Shortbow          |     6 |       |     3 ||     9
Invok: Heroism           |       |       |     1 ||     1
  Use: Potion            |       |     1 |     2 ||     3
       Scroll            |       |       |    11 ||    11
 Stab: Sleeping          |       |     3 |       ||     3
  Eat: Chunk             |     1 |     5 |     7 ||    13
Armor: Robe              |    19 |    98 |     8 ||   125
       Skin              |       |     6 |       ||     6
       Scale mail        |       |       |    97 ||    97
Dodge: Dodged            |    42 |   208 |   107 ||   357

Table legend:
 A = Spawn XP
 B = Non-spawn XP
 C = Spawn XP percentage of total XP
 D = Spawn monster count
 E = Non-spawn monster count
 F = Spawn count percentage of total count
 G = Total turns spent on level
                    A         B        C        D         E        F      G
               +---------+---------+-------+---------+---------+-------+---------
         Total |       0 |    1342 |   0.0 |       0 |     105 |   0.0 |  4960
               +---------+---------+-------+---------+---------+-------+---------
           D:1 |       0 |      30 |   0.0 |       0 |      18 |   0.0 |  1111
           D:2 |       0 |     346 |   0.0 |       0 |      19 |   0.0 |   595
           D:3 |       0 |      79 |   0.0 |       0 |      30 |   0.0 |   727
           D:4 |       0 |     450 |   0.0 |       0 |      20 |   0.0 |  1236
           D:5 |       0 |     437 |   0.0 |       0 |      18 |   0.0 |  1268
               +---------+---------+-------+---------+---------+-------+---------

Vault maps used:
D:1:      dpeg_arrival_short_road, serial_forest, infiniplex_forest_corner_1,
          infiniplex_forest_clump_long, infiniplex_forest_clump_small,
          infiniplex_forest_straight_5, infiniplex_forest_lined_room_3,
          infiniplex_forest_end_3, infiniplex_forest_lined_4_way,
          infiniplex_forest_diagonal
D:2:      serial_park_tiny_2, minmay_tromino_v2, uniq_sigmund
D:3:      chequers_ecumenical_altar_simple, kennysheep_generic_room_7
D:4:      nicolae_overflow_quartered_altars, minmay_temple_entry_junction_2,
          uniq_natasha
D:5:      elyvilon_altar_3, grunt_temple_overflow_open, serial_shops, shop,
          first_ration, serial_bayou_lagoon_a, kennysheep_slug_shrine
D:6:      nicolae_ru_awakened_eye

Table legend:
 A = Turns spent in this place as a percentage of turns spent in the entire game.
 B = Non-inter-level travel turns spent in this place as a percentage of non-inter-level travel turns spent in the entire game.
 C = Inter-level travel turns spent in this place as a percentage of turns spent in this place.
 D = Turns resting spent in this place as a percentage of non-inter-level travel turns spent in this place.
 E = Turns spent auto-exploring this place as a percentage of non-inter-level travel turns spent in this place.
 F = Non-inter-level travel turns spent in this place divided by the number of levels of this place that you've seen.
                   A       B       C       D       E      F
               +-------+-------+-------+-------+-------+----------------------
         Total | 100.0 | 100.0 |   2.9 |   1.3 |  81.5 | 803.0
       Dungeon | 100.0 | 100.0 |   2.9 |   1.3 |  81.5 | 803.0
               +-------+-------+-------+-------+-------+----------------------

Table legend:
 A = Kills in this place as a percentage of kills in entire the game.
 B = Kills by you in this place as a percentage of kills by you in the entire game.
 C = Kills by friends in this place as a percentage of kills by friends in the entire game.
 D = Other kills in this place as a percentage of other kills in the entire game.
 E = Experience gained in this place as a percentage of experience gained in the entire game.
 F = Experience gained in this place divided by the number of levels of this place that you have seen.
                   A       B       C       D       E      F
               +-------+-------+-------+-------+-------+----------------------
         Total | 100.0 | 100.0 |   N/A |   N/A | 100.0 | 223.7
       Dungeon | 100.0 | 100.0 |   N/A |   N/A | 100.0 | 223.7
               +-------+-------+-------+-------+-------+----------------------
